 Dungeon Crawl Stone Soup version 0.21-a0-507-ga8f6b7a (webtiles) character file.

147 nikopol the Magician (level 5, 0/28 HPs)
             Began as a Deep Elf Fire Elementalist on Nov 27, 2017.
             Was an Initiate of Sif Muna.
             Slain by a water moccasin skeleton (7 damage)
             ... on level 4 of the Dungeon.
             The game lasted 00:07:35 (2550 turns).

nikopol the Magician (Deep Elf Fire Elementalist)   Turns: 2550, Time: 00:07:36

Health: 0/28       AC:  3    Str:  5    XL:     5   Next: 7%
Magic:  6/14       EV: 13    Int: 21    God:    Sif Muna [......]
Gold:   231        SH:  0    Dex: 15    Spells: 8/14 levels left

rFire    . . .     SeeInvis .   d - +0 dagger
rCold    . . .     Gourm    .   (no shield)
rNeg     . . .     Faith    .   a - +0 robe
rPois    .         Spirit   .   (no helmet)
rElec    .         Reflect  .   f - +0 cloak (curse)
rCorr    .         Harm     .   (no gloves)
MR       .....                  (no boots)
Stlth    ++........             (no amulet)
HPRegen  0.09/turn              (no ring)
MPRegen  0.14/turn              (no ring)

@: no status effects
A: no striking features
a: Renounce Religion


You were on level 4 of the Dungeon.
You worshipped Sif Muna.
Sif Muna was noncommittal.
You were hungry.

You visited 2 branches of the dungeon, and saw 5 of its levels.

You collected 231 gold pieces.

Inventory:

Hand Weapons
 d - a +0 dagger (weapon)
Armour
 a - a +0 robe (worn)
 f - a cursed +0 cloak (worn)
Wands
 v - a wand of iceblast (7)
Scrolls
 e - 3 scrolls of identify {unknown}
 m - a scroll of fear {unknown}
 o - a scroll of magic mapping {unknown}
 q - 3 scrolls of amnesia {unknown}
 r - a scroll of fog {unknown}
 s - a scroll of enchant weapon {unknown}
 t - a scroll of noise {unknown}
Potions
 g - a potion of might {unknown}
 h - 3 potions of haste {unknown}
 k - a potion of brilliance {unknown}
 l - a potion of heal wounds {unknown}
 n - a potion of berserk rage {unknown}
 p - a potion of mutation {unknown}
 u - 3 potions of curing {unknown}
Books
 b - a book of Flames

   Spells                             Type                      Level
   a - Flame Tongue                   Conjuration/Fire             1
   b - Throw Flame                    Conjuration/Fire             2
   c - Conjure Flame                  Conjuration/Fire             3
   d - Inner Flame                    Hexes/Fire                   3
   e - Sticky Flame                   Conjuration/Fire             4
   f - Fireball                       Conjuration/Fire             5
Comestibles
 c - 2 bread rations
 i - a royal jelly
 j - a meat ration


   Skills:
 + Level 2.6 Dodging
 + Level 3.4 Stealth
 + Level 5.0 Spellcasting
 + Level 2.1 Conjurations
 + Level 4.4 Fire Magic


You had 8 spell levels left.
You knew the following spells:

 Your Spells              Type           Power        Failure   Level  Hunger
a - Flame Tongue          Conj/Fire      ###..        2%          1    None
b - Throw Flame           Conj/Fire      ###...       4%          2    None
c - Conjure Flame         Conj/Fire      ###.....     9%          3    ##.....


Dungeon Overview and Level Annotations

Branches:
Dungeon (4/15)             Temple (1/1) D:4

Altars:
Ashenzari
Elyvilon
Fedhas
Gozag
Makhleb
Okawaru
Sif Muna
Trog
Zin


Message History

The water moccasin skeleton is moderately damaged.
The water moccasin skeleton bites you but does no damage.
Casting: Flame Tongue
Confirm with . or Enter, or press ? or * to list all spells.
Aiming: Flame Tongue
Press: ? - help, Shift-Dir - straight line, f/p - water moccasin skeleton
Aim: a water moccasin skeleton (moderately damaged)
The flame tongue hits the water moccasin skeleton.
The water moccasin skeleton is heavily damaged.
The water moccasin skeleton bites you.
* * * LOW HITPOINT WARNING * * *
Casting: Flame Tongue
Confirm with . or Enter, or press ? or * to list all spells.
Aiming: Flame Tongue
Press: ? - help, Shift-Dir - straight line, f/p - water moccasin skeleton
Aim: a water moccasin skeleton (heavily damaged)
The flame tongue hits the water moccasin skeleton.
The water moccasin skeleton is severely damaged.
The water moccasin skeleton bites you!
You die...

.# #............< .#
###.............. .##### ...
#.#...#.#...
.##..###+###+#####[####...#.#.#..
..........#..............#.#.#.#.
..........#...............#.>.#..
<.#..##..[##..##.# #....#.#.#.#.
#######...##..##.####..#..#.#.#..
#....'.....@Z.........#.#...
#....#......#...............
####+####.##..###..>.###..##..
#..#.####.##..###.)..# #..# ..
#.....#.........#....# .......
#.....#.........#....# .......
#.....#.........#....# ..>....
#.....#.........#....# ......
##.....#.........#....# ......


You could see a water moccasin skeleton.

Vanquished Creatures
  2 hounds (D:4)
  2 adders
  An ooze (D:4)
  3 dart slugs
  An orc (D:3)
  3 giant cockroaches
  6 goblins
  11 hobgoblins
  4 jackals (D:1)
  6 kobolds
  A ball python (D:1)
  11 bats
  5 frilled lizards
  5 rats
61 creatures vanquished.

Notes
Turn   | Place    | Note
-------+----------+-------------------------------------------
     0 | D:1      | nikopol the Deep Elf Fire Elementalist began the quest for the Orb.
     0 | D:1      | Reached XP level 1. HP: 10/10 MP: 6/6
   198 | D:1      | Reached XP level 2. HP: 15/15 MP: 5/8
   459 | D:1      | Learned a level 2 spell: Throw Flame
   585 | D:1      | Reached XP level 3. HP: 19/19 MP: 8/10
   590 | D:1      | Learned a level 3 spell: Conjure Flame
   730 | D:2      | Found an iron altar of Okawaru.
   866 | D:2      | Found a white marble altar of Elyvilon.
  1097 | D:2      | Reached skill level 4 in Spellcasting
  1809 | D:3      | Found a blossoming altar of Fedhas.
  1921 | D:3      | Found a burning altar of Makhleb.
  1921 | D:3      | Noticed a balrug
  1924 | D:3      | Noticed a neqoxec
  1924 | D:3      | Noticed an orange demon
  1984 | D:3      | Found an opulent altar of Gozag.
  2022 | D:3      | Reached XP level 4. HP: 20/24 MP: 0/12
  2416 | D:4      | Found a staircase to the Ecumenical Temple.
  2427 | Temple   | Entered the Ecumenical Temple
  2495 | Temple   | Became a worshipper of Sif Muna the Loreminder
  2546 | D:4      | Reached XP level 5. HP: 13/28 MP: 9/14
  2547 | D:4      | Reached skill level 5 in Spellcasting
  2550 | D:4      | Slain by a water moccasin skeleton

Vault maps used:
D:1:      lightli_molten_gateway
D:2:      overflow_temple_1_default, elyvilon_altar_5
D:3:      fedhas_altar_1, makhleb_altar_promises_db, grunt_gozag_statues
D:4:      cheibrodos_pilgrimage, minmay_temple_entry_grid, first_bread
Temple:   hc_temple_tempest_star

Skill      XL: |  1  2  3  4  5 |
---------------+----------------+-----
Stealth        | 3 |  3.4
Spellcasting   | 4 5 |  5.0
Fire Magic     | 4 |  4.4
Conjurations   | 2 |  2.1
Dodging        | |  2.6

Action                   |  1- 3 |  4- 6 || total
-------------------------+-------+-------++-------
Melee: Dagger            |     3 |       ||     3
 Cast: Flame Tongue      |   100 |    17 ||   117
  Eat: Chunk             |     3 |     1 ||     4
Armor: Robe              |     5 |     3 ||     8
Dodge: Dodged            |    26 |     9 ||    35

Table legend:
 A = Spawn XP
 B = Non-spawn XP
 C = Spawn XP percentage of total XP
 D = Spawn monster count
 E = Non-spawn monster count
 F = Spawn count percentage of total count
 G = Total turns spent on level
                    A         B        C        D         E        F      G
               +---------+---------+-------+---------+---------+-------+---------
         Total |       0 |     210 |   0.0 |       0 |      61 |   0.0 |  2550
               +---------+---------+-------+---------+---------+-------+---------
           D:1 |       0 |      41 |   0.0 |       0 |      25 |   0.0 |   732
           D:2 |       0 |      26 |   0.0 |       0 |      15 |   0.0 |   930
           D:3 |       0 |      41 |   0.0 |       0 |      17 |   0.0 |   660
           D:4 |       0 |     102 |   0.0 |       0 |       4 |   0.0 |   125
               +---------+---------+-------+---------+---------+-------+---------
